 Dungeon Crawl Stone Soup version 0.21-a0-641-geef9d7f (webtiles) character file.

6524 shenanigans the Blocker (level 11, -11/84 HPs)
             Began as a Barachi Skald on Dec 30, 2017.
             Was a Priest of Cheibriados.
             Mangled by a skeletal warrior
             ... wielding a +0 glaive
              (28 damage)
             ... on level 8 of the Dungeon.
             The game lasted 00:40:37 (14142 turns).

shenanigans the Blocker (Barachi Skald)            Turns: 14142, Time: 00:40:37

Health: -11/84     AC: 13    Str: 20    XL:     11   Next: 1%
Magic:  18/18      EV:  9    Int: 26    God:    Cheibriados [***...]
Gold:   305        SH: 12    Dex: 21    Spells: 13/19 levels left

rFire    . . .     SeeInvis .   a - +0 war axe
rCold    . . .     Gourm    .   f - +0 shield
rNeg     . . .     Faith    .   x - +0 plate armour
rPois    .         Spirit   .   (no helmet)
rElec    .         Reflect  .   (no cloak)
rCorr    .         Harm     .   (no gloves)
MR       .....                  (no boots)
Stlth    ..........             (no amulet)
HPRegen  0.24/turn              j - ring of stealth
MPRegen  0.16/turn              (no ring)

@: can't hop, very slow
A: +LOS, swims, thin skeletal structure 1, mutation resistance 1, slowness 1,
strong legs 1
a: Hop, Bend Time, Temporal Distortion, Renounce Religion


You were on level 8 of the Dungeon.
You worshipped Cheibriados.
Cheibriados was most pleased with you.
You were hungry.

You visited 3 branches of the dungeon, and saw 11 of its levels.

You collected 425 gold pieces.
You spent 120 gold pieces at shops.

Inventory:

Hand Weapons
 a - a +0 war axe (weapon)
 b - a +1 dagger of venom
Missiles
 y - 5 javelins (quivered)
Armour
 f - a +0 shield (worn)
 x - a +0 plate armour (worn)
Jewellery
 j - a ring of stealth (left hand)
Wands
 r - a wand of polymorph (12)
 w - a wand of flame (20)
 B - a wand of digging (7)
 D - a wand of clouds (5)
 E - a wand of paralysis (10)
Scrolls
 g - a scroll of fear
 k - a scroll of immolation {unknown}
 l - 2 scrolls of enchant weapon {unknown}
 m - a scroll of enchant armour {unknown}
 n - a scroll of remove curse
 s - 2 scrolls of identify {unknown}
 t - 2 scrolls of random uselessness {unknown}
 z - 2 scrolls of amnesia {unknown}
 F - 2 scrolls of teleportation
 H - a scroll of magic mapping
 K - a scroll of acquirement {unknown}
Potions
 e - 2 potions of cancellation {unknown}
 h - 2 potions of haste
 o - a potion of curing
 q - a potion of resistance {unknown}
 A - a potion of flight {unknown}
 C - a potion of degeneration {unknown}
 G - a potion of mutation
Books
 c - a book of Battle

   Spells                             Type                      Level
   a - Infusion                       Charms                       1
   b - Shroud of Golubria             Charms/Translocation         2
   c - Song of Slaying                Charms                       2
   d - Spectral Weapon                Hexes/Charms                 3
   e - Regeneration                   Charms/Necromancy            3
 p - a book of Minor Magic

   Spells                             Type                      Level
   a - Magic Dart                     Conjuration                  1
   b - Blink                          Translocation                2
   c - Call Imp                       Summoning                    2
   d - Slow                           Hexes                        2
   e - Conjure Flame                  Conjuration/Fire             3
   f - Mephitic Cloud                 Conjuration/Poison/Air       3
 I - a book of Maledictions

   Spells                             Type                      Level
   a - Corona                         Hexes                        1
   b - Ensorcelled Hibernation        Hexes/Ice                    2
   c - Confuse                        Hexes                        3
   d - Tukima's Dance                 Hexes                        3
   e - Dazzling Spray                 Conjuration/Hexes            3
 J - a book of Flames

   Spells                             Type                      Level
   a - Flame Tongue                   Conjuration/Fire             1
   b - Throw Flame                    Conjuration/Fire             2
   c - Conjure Flame                  Conjuration/Fire             3
   d - Inner Flame                    Hexes/Fire                   3
   e - Sticky Flame                   Conjuration/Fire             4
   f - Fireball                       Conjuration/Fire             5
Comestibles
 d - 11 rations


   Skills:
 + Level 7.6 Fighting
 - Level 4.1 Short Blades
 + Level 6.1 Axes
 + Level 7.2 Armour
 + Level 6.8 Dodging
 - Level 1.4 Stealth
 * Level 8.0 Shields
 - Level 4.7 Spellcasting
 - Level 4.0 Charms
 + Level 2.8 Fire Magic
 + Level 4.5 Invocations
 - Level 0.1 Evocations


You had 13 spell levels left.
You knew the following spells:

 Your Spells              Type           Power        Failure   Level  Hunger
a - Infusion              Chrm           ####         61%         1    None
b - Conjure Flame         Conj/Fire      ##......     100%        3    ##.....
c - Ensorcelled Hibernat  Hex/Ice        #.....       99%         2    None


Dungeon Overview and Level Annotations

Branches:
Dungeon (8/15)             Temple (1/1) D:7            Lair (2/6) D:8
  Swamp: Lair:2-4    Shoals: Lair:2-4     Snake: Lair:2-4    Spider: Lair:2-4

Altars:
Ashenzari
Cheibriados
Dithmenos
Elyvilon
Gozag
Hepliaklqana
Kikubaaqudgha
Makhleb
Nemelex Xobeh
Okawaru
Qazlal
Ru
Sif Muna
Trog
Uskayaw
Vehumet
Wu Jian
Xom
The Shining One

Shops:
D:4 !

Annotations:
D:5 2 transporters


Innate Abilities, Weirdness & Mutations

Shadows flee at your approach. (+LOS)
You can swim through water.
You cover ground slowly.
You can hop short distances.
You have a somewhat thin skeletal structure. (Dex +2, Stealth)
You are somewhat resistant to further mutation.


Message History

Okay, then.
Aiming: Cloud Cone
Press: ? - help, Dir - move target cursor, f - skeletal warrior
Aim: a skeletal warrior, wielding a glaive (sparse dust, lightly damaged)
You create a blast of noxious fumes!
The skeletal warrior hits you from afar with a glaive.
The skeletal warrior hits you from afar with a glaive.
The skeletal warrior hits you but does no damage.
The skeletal warrior hits you from afar with a glaive!
* * * LOW HITPOINT WARNING * * *
You block the skeletal warrior's attack.
You block the skeletal warrior's attack.
The skeletal warrior hits you but does no damage.
You block the skeletal warrior's attack.
There is a stone staircase leading up here.
Okay, then.
As you read the scroll of fear, it crumbles to dust.
You assume a fearsome visage.
The skeletal warrior is unaffected.
The skeletal warrior hits you with a glaive!!
You die...

#.. ###. #.. ### .... ## #..
... .... ..#...#.# ### ###
#.....#.#
...#.....#.###############
#.#...#...#.............#
.........#.######### #.#
#####......@#.#### #.#
............z....########.##
............................
##'#.<#..#.##.########...
..Y....######.##..# ###.
...... ..###.# ######) .....
#### #.## #.....รท .... #..#
#...... ... ###########.#
#......


You could see a skeletal warrior.

Vanquished Creatures
  A centaur warrior (D:8)
  A two-headed ogre (D:8)
  Sonja (Lair:1)
  A cyclops (D:8)
  A black mamba (Lair:2)
  Prince Ribbit (D:7)
  4 porcupines
  2 sky beasts
  A necrophage (D:8)
  2 orc warriors
  2 ice beasts
  A phantom (D:5)
  5 ogres
  A crocodile (Lair:1)
  3 centaurs
  A big kobold (D:7)
  Blork the orc (D:5)
  5 bullfrogs
  A water moccasin zombie (D:8)
  A wyvern skeleton (D:7)
  5 killer bees (D:8)
  3 scorpions
  A crimson imp (D:8)
  A bullfrog zombie (D:8)
  A jelly (D:6)
  5 hounds
  A bullfrog skeleton (D:5)
  3 orc priests (D:6)
  6 orc wizards
  An iguana (D:7)
  Natasha (twice) (D:2)
  4 worker ants
  A hound skeleton (D:5)
  12 adders
  4 shadow imps
  An ooze (D:1)
  5 worms
  4 dart slugs (D:1)
  3 leopard geckos
  23 orcs
  8 giant cockroaches
  7 goblins
  10 hobgoblins
  8 jackals
  2 quokkas
  3 ball pythons
  7 bats
  8 frilled lizards
  A jackal skeleton (D:6)
  20 kobolds
  A quokka skeleton (D:6)
  11 rats
208 creatures vanquished.

Vanquished Creatures (others)
  8 fungi (D:8)
  5 plants (D:8)
13 creatures vanquished.

Grand Total: 221 creatures vanquished

Notes
Turn   | Place    | Note
-------+----------+-------------------------------------------
     0 | D:1      | shenanigans the Barachi Skald began the quest for the Orb.
     0 | D:1      | Reached XP level 1. HP: 17/17 MP: 3/3
    65 | D:1      | Reached XP level 2. HP: 5/23 MP: 5/5
   736 | D:1      | Reached XP level 3. HP: 26/28 MP: 6/6
  1539 | D:2      | Reached XP level 4. HP: 23/35 MP: 5/7
  1850 | D:2      | Found a faded altar of an unknown god.
  1981 | D:2      | Found a white marble altar of Elyvilon.
  2156 | D:2      | Noticed Natasha
  2161 | D:2      | Killed Natasha
  2303 | D:2      | Noticed Natasha
  2313 | D:2      | Killed Natasha
  2313 | D:2      | Reached skill level 1 in Short Blades
  2313 | D:2      | Reached XP level 5. HP: 24/41 MP: 8/8
  2888 | D:3      | Found an ancient bone altar of Kikubaaqudgha.
  3241 | D:3      | Noticed an ogre
  3520 | D:4      | Noticed an ogre
  3533 | D:4      | Gained mutation: You have a somewhat thin skeletal structure. (Dex +2, Stealth) [potion of mutation]
  3533 | D:4      | Gained mutation: You are somewhat resistant to further mutation. [potion of mutation]
  3547 | D:4      | Killed an ogre
  3547 | D:4      | Reached XP level 6. HP: 45/48 MP: 9/9
  3987 | D:3      | Reached skill level 1 in Stealth
  4456 | D:3      | Found a snail-covered altar of Cheibriados.
  4466 | D:3      | Became a worshipper of Cheibriados the Contemplative
  4669 | D:4      | Found Ycwaar's Distillery.
  4673 | D:4      | Bought a potion of heal wounds for 50 gold pieces
  4673 | D:4      | Bought a potion of lignification for 30 gold pieces
  4673 | D:4      | Bought a potion of might for 40 gold pieces
  4680 | D:4      | Found an opulent altar of Gozag.
  4736 | D:4      | Found a radiant altar of Vehumet.
  4760 | D:4      | Reached XP level 7. HP: 40/55 MP: 10/10
  4831 | D:4      | Found a burning altar of Makhleb.
  5589 | D:5      | Entered Level 5 of the Dungeon
  5601 | D:5      | Reached skill level 1 in Invocations
  5611 | D:5      | Found a transporter.
  5613 | D:5      | Noticed a kobold demonologist
  5657 | D:5      | Found a transporter.
  5729 | D:5      | Reached skill level 1 in Shields
  6006 | D:5      | Reached skill level 5 in Fighting
  6006 | D:5      | Reached XP level 8. HP: 51/62 MP: 10/12
  6007 | D:5      | Noticed Blork the orc
  6018 | D:5      | Killed Blork the orc
  6018 | D:5      | Reached skill level 2 in Shields
  6381 | D:5      | Reached * piety under Cheibriados
  7073 | D:6      | Reached skill level 3 in Shields
  7381 | D:6      | Reached ** piety under Cheibriados
  8015 | D:7      | Reached skill level 5 in Armour
  8087 | D:7      | Reached skill level 4 in Shields
  8144 | D:7      | Reached XP level 9. HP: 69/69 MP: 14/14
  8187 | D:7      | Reached skill level 5 in Dodging
  8692 | D:7      | Noticed Prince Ribbit
  8727 | D:7      | Killed Prince Ribbit
  9028 | D:7      | Found a staircase to the Ecumenical Temple.
  9048 | Temple   | Entered the Ecumenical Temple
  9504 | D:7      | Reached skill level 5 in Shields
  9573 | D:7      | Reached *** piety under Cheibriados
 10133 | D:8      | Noticed a two-headed ogre
 10608 | D:8      | Reached skill level 5 in Axes
 10616 | D:8      | Killed a two-headed ogre
 10616 | D:8      | Reached skill level 6 in Shields
 10616 | D:8      | Reached XP level 10. HP: 53/77 MP: 15/17
 10736 | D:8      | Found a staircase to the Lair.
 10747 | D:8      | Learned a level 3 spell: Conjure Flame
 10750 | D:8      | Learned a level 2 spell: Ensorcelled Hibernation
 10976 | D:8      | Reached **** piety under Cheibriados
 10990 | D:8      | Reached skill level 1 in Fire Magic
 11298 | D:8      | Noticed a red ugly thing
 11299 | D:8      | Noticed a centaur warrior
 11299 | D:8      | Noticed a cyclops
 11301 | D:8      | Noticed a skeletal warrior
 11326 | Lair:1   | Entered Level 1 of the Lair of Beasts
 11985 | Lair:1   | Noticed Sonja
 11987 | Lair:1   | Killed Sonja
 11987 | Lair:1   | Reached skill level 7 in Shields
 12626 | Lair:2   | Noticed a black mamba
 12656 | Lair:2   | Killed a black mamba
 12976 | D:8      | Killed a centaur warrior
 13775 | D:8      | Killed a cyclops
 13775 | D:8      | Reached XP level 11. HP: 72/84 MP: 18/18
 13817 | D:8      | Noticed a centaur warrior
 14126 | D:8      | Reached skill level 8 in Shields
 14142 | D:8      | Mangled by a skeletal warrior

Vault maps used:
D:1:      dpeg_arrival_three_same_balls
D:2:      elyvilon_altar_3, first_ration, chequers_ecumenical_altar_simple,
          uniq_natasha
D:3:      lemuel_doored_altar, lemuel_coloured_pillars_altar,
          kennysheep_cross_room
D:4:      vehumet_altar_wand_db, grunt_gozag_breadcrumbs, serial_shops, shop,
          hangedman_decor_points, makhleb_blood_cavern_becter
D:5:      gammafunk_wand_slinger, minivault_4, uniq_blork_the_orc
D:6:      kb_lookout_dungeons_type, kennysheep_nub
D:7:      minmay_temple_entry_glass, uniq_prince_ribbit1
D:8:      minmay_blocky_corners, marbit_many_paths,
          grunt_lair_entry_orc_guard_hut
Temple:   eino_temple_water
Lair:1:   uniq_sonja

Skill      XL: |  1  2  3  4  5  6  7  8  9 10 11 |
---------------+----------------------------------+-----
Fighting       | 3 4 5 6 7 |  7.6
Armour         | 2 3 4 5 6 7 |  7.2
Short Blades   | 1 2 3 4 |  4.1
Dodging        | 3 4 6 |  6.8
Charms         | 4 |  4.0
Stealth        | 1 |  1.4
Invocations    | 1 2 3 4 |  4.5
Shields        | 1 4 6 7 8 |  8.0
Axes           | 3 4 5 6 |  6.1
Spellcasting   | 3 4 |  4.7
Fire Magic     | 2 |  2.8
Evocations     | |  0.1

Action                   |  1- 3 |  4- 6 |  7- 9 | 10-12 || total
-------------------------+-------+-------+-------+-------++-------
Melee: Hand axe          |    46 |       |       |       ||    46
       Dagger            |    71 |   217 |   557 |   117 ||   962
       War axe           |       |       |    63 |    54 ||   117
Throw: Javelin           |       |       |    13 |     4 ||    17
 Cast: Infusion          |     2 |     1 |       |       ||     3
Invok: Slouch            |       |       |       |     1 ||     1
 Abil: Hop               |       |       |     4 |     7 ||    11
Evoke: Wand              |       |     4 |     1 |     1 ||     6
  Use: Potion            |       |     6 |     4 |     7 ||    17
       Scroll            |       |     2 |     4 |     4 ||    10
 Stab: Sleeping          |       |     3 |       |       ||     3
       Paralysed         |       |       |     2 |       ||     2
  Eat: Chunk             |     3 |    10 |     6 |     3 ||    22
       Ration            |       |       |     2 |     1 ||     3
Armor: Leather armour    |    26 |    32 |       |       ||    58
       Skin              |       |     4 |     5 |     8 ||    17
       Plate armour      |       |       |   347 |    48 ||   395
Dodge: Dodged            |    78 |   114 |   110 |    55 ||   357
Block: Shield            |       |       |   268 |   101 ||   369

Table legend:
 A = Spawn XP
 B = Non-spawn XP
 C = Spawn XP percentage of total XP
 D = Spawn monster count
 E = Non-spawn monster count
 F = Spawn count percentage of total count
 G = Total turns spent on level
                    A         B        C        D         E        F      G
               +---------+---------+-------+---------+---------+-------+---------
         Total |       0 |    9320 |   0.0 |       0 |     208 |   0.0 | 14142
               +---------+---------+-------+---------+---------+-------+---------
           D:1 |       0 |      59 |   0.0 |       0 |      30 |   0.0 |  1337
           D:2 |       0 |     120 |   0.0 |       0 |      21 |   0.0 |  1397
           D:3 |       0 |     222 |   0.0 |       0 |      34 |   0.0 |  1465
           D:4 |       0 |     508 |   0.0 |       0 |      17 |   0.0 |  1583
           D:5 |       0 |     534 |   0.0 |       0 |      15 |   0.0 |   770
           D:6 |       0 |     701 |   0.0 |       0 |      29 |   0.0 |  1547
           D:7 |       0 |    1323 |   0.0 |       0 |      29 |   0.0 |  2203
           D:8 |       0 |    4212 |   0.0 |       0 |      28 |   0.0 |  1484
        Lair:1 |       0 |    1205 |   0.0 |       0 |       4 |   0.0 |  1695
        Lair:2 |       0 |     436 |   0.0 |       0 |       1 |   0.0 |   341
               +---------+---------+-------+---------+---------+-------+---------
